 Dungeon Crawl Stone Soup version 0.32-a0-646-g91cf321817 (webtiles) character file.

Game seed: 12985707661783471317

3272 Kenran the Carver (level 9, -6/73 HPs)
             Began as a Minotaur Summoner on Mar 8, 2024.
             Was a High Priest of Fedhas.
             Mangled by an orc warrior
             ... wielding a +0 glaive
              (18 damage)
             ... on level 7 of the Dungeon.
             The game lasted 00:12:16 (6648 turns).

Kenran the Carver (Minotaur Summoner)               Turns: 6648, Time: 00:12:18

Health: -6/73      AC:  6    Str: 15    XL:     9   Next: 68%
Magic:  10/10      EV: 11    Int: 12    God:    Fedhas [*****.]
Gold:   338        SH:  5    Dex: 13    Spells: 9/10 levels left

rFire   . . .        n - +10 long sword of Vahotani {flame, Stlth+}
rCold   . . .        (no shield)
rNeg    . . .        i - +0 ring mail
rPois   .            (helmet restricted)
rElec   .            (no cloak)
rCorr   .            h - +0 pair of gloves
SInv    .            (no boots)
Will    .....        f - amulet of reflection
Stlth   ++           (no ring)
HPRegen 0.32/turn    (no ring)
MPRegen 0.12/turn

%: reflection
@: no status effects
A: horns 2, retaliatory headbutt
a: Renounce Religion, Wall of Briars, Grow Ballistomycete, Overgrow, Grow Oklob


You were on level 7 of the Dungeon.
You worshipped Fedhas.
Fedhas was extremely pleased with you.
You visited 1 branch of the dungeon, and saw 7 of its levels.
You also visited: Bailey.

You collected 388 gold pieces.
You spent 50 gold pieces at shops.

Inventory:

Hand Weapons
 n - the +10 long sword of Vahotani (weapon) {flame, Stlth+}
   (You found it on level 6 of the Dungeon)

   Stlth+:    It makes you more stealthy.
Armour
 h - a +0 pair of gloves (worn)
 i - a +0 ring mail (worn)
Jewellery
 f - an amulet of reflection (around neck)
 s - a ring of poison resistance
Wands
 k - a wand of flame (29)
Scrolls
 a - a scroll of immolation {unknown}
 c - a scroll of fog
 d - 3 scrolls of teleportation
 g - a scroll of fear
 j - a scroll of torment {unknown}
 q - a scroll of revelation {unknown}
 r - 3 scrolls of noise {unknown}
Potions
 b - 2 potions of magic
 e - a potion of enlightenment {unknown}
 l - a potion of attraction {unknown}
 m - a potion of degeneration {unknown}
 o - 2 potions of might {unknown}
 p - a potion of mutation {unknown}


   Skills:
 - Level 4.9 Fighting
 + Level 10.4 Long Blades
 - Level 3.4 Armour
 - Level 2.1 Dodging
 - Level 1.5 Stealth
 - Level 10.0 Unarmed Combat
 - Level 1.3 Spellcasting
 - Level 2.9 Summonings


You had 9 spell levels left.
You knew the following spells:

 Your Spells              Type           Power      Damage    Failure   Level
a - Summon Small Mammal   Summ           28%        N/A       17%         1

Your spell library contained the following spells:

 Spells                   Type           Power      Damage    Failure   Level
 Call Imp                 Summ           14%        N/A       26%         2
 Call Canine Familiar     Summ           7%         N/A       45%         3
 Freeze                   Ice            0%         1d3       50%         1
 Dazzling Flash           Conj/Hex       0%         N/A       86%         3
 Frozen Ramparts          Ice            0%         1d1       86%         3
 Gell's Gravitas          Tloc           0%         N/A       86%         3
 Hailstorm                Conj/Ice       0%         3d5       86%         3
 Teleport Other           Tloc           0%         N/A       86%         3
 Summon Blazeheart Golem  Fire/Summ      4%         N/A       96%         4
 Summon Lightning Spire   Summ/Air       4%         N/A       96%         4
 Summon Mana Viper        Hex/Summ       4%         N/A       100%        5
 Yara's Violent Unravell  Hex/Alch       0%         3d3       100%        5
 Dispersal                Tloc           0%         N/A       100%        6


Dungeon Overview and Level Annotations

Branches:
Dungeon (7/15)             Temple (0/1) D:5          Bailey (visited)

Altars:
Ashenzari
Fedhas
Gozag
Kikubaaqudgha
Makhleb
Nemelex Xobeh
Ru
Sif Muna
Trog
Uskayaw
Xom
Yredelemnul
Zin

Shops:
D:2 !

Annotations:
D:3 3 runed translucent doors, hofbold's ghost, amateur CoFi
D:5 1 runed translucent door, 2 transporters


Innate Abilities, Weirdness & Mutations

You have a pair of horns on your head.
You reflexively headbutt those who attack you in melee.


Message History

No target in view!
A howler monkey, a scorpion, a white imp and an orc warrior come into view.
The white imp completely misses you.
Things that are here:
a +0 morningstar; a +0 leather armour
There are monsters nearby!
You slash the white imp! You burn the white imp!
You kill the white imp!
Fedhas accepts your kill.
You closely miss the scorpion. Your headbutt misses the scorpion.
The scorpion stings you but does no damage.
You slash the scorpion! You burn the scorpion.
You headbutt the scorpion, but do no damage.
The scorpion is almost dead.
The howler monkey hoots and howls with incredible vigour!
The scorpion closely misses you. You furiously retaliate!
You headbutt the scorpion.
The orc warrior hits you from afar with a +0 glaive!
You slash the scorpion! You burn the scorpion.
You kill the scorpion!
Fedhas appreciates your contribution to the ecosystem.
Found a scroll labelled SOESO MYCEUMUM.
The orc warrior hits you with a +0 glaive!!
You see here a scorpion corpse.
You are too injured to fight recklessly!
You are too injured to fight recklessly!
You barely miss the orc warrior.
The orc warrior hits you with a +0 glaive!
You barely miss the orc warrior. Your headbutt misses the orc warrior.
The orc warrior misses you.
You hit the orc warrior. You burn the orc warrior.
Your headbutt misses the orc warrior.
The orc warrior is lightly wounded.
The orc warrior hits you with a +0 glaive!
* * * LOW HITPOINT WARNING * * *
You barely miss the orc warrior. You headbutt the orc warrior.
The orc warrior is moderately wounded.
The orc warrior hits you with a +0 glaive!!
You die...
Fedhas appreciates your contribution to the ecosystem.

#...# #.▓.#
#.▓.## ..▓..#
#.▓▓▓.## ..
▓..### ..▓▓
▓▓...####
▓▓▓...▓▓▓)...###
?..⌠.ho@..).....
▓▓...▓▓▓....####
▓▓ ..#### ###


You could see an orc warrior and a howler monkey.

Vanquished Creatures
  Prince Ribbit (Bailey)
  3 humans (Bailey)
  An orc warrior (Bailey)
  2 ice beasts
  3 black bears
  6 ogres
  9 bullfrogs
  2 scorpions
  5 bombardier beetles
  A hound (D:6)
  6 orc priests
  2 gnoll boudas
  A jelly (D:6)
  A human skeleton (D:5)
  4 iguanas
  An orc wizard (D:6)
  17 gnolls
  6 adders
  3 white imps
  A dart slug (D:4)
  A ribbon worm (D:5)
  15 orcs
  5 bats
  11 endoplasms
  6 giant cockroaches
  13 goblins
  9 hobgoblins
  10 jackals
  7 quokkas
  10 ball pythons
  4 frilled lizards
  6 kobolds
  7 rats
179 creatures vanquished.

Vanquished Creatures (others)
  2 sleepcaps (D:4)
  A gnoll (D:4)
  An orc (D:4)
4 creatures vanquished.

Grand Total: 183 creatures vanquished

Notes
Turn   | Place    | Note
-------+----------+-------------------------------------------
     0 | D:1      | Kenran the Minotaur Summoner began the quest for the Orb.
     0 | D:1      | Reached XP level 1. HP: 14/14 MP: 1/1
   102 | D:1      | Reached skill level 1 in Unarmed Combat
   222 | D:1      | Reached XP level 2. HP: 20/20 MP: 3/3
   460 | D:1      | Found a faded altar of an unknown god.
   471 | D:1      | Prayed at the altar of an unknown god.
   471 | D:1      | Became a worshipper of Fedhas Madash
   471 | D:1      | Reached * piety under Fedhas
  1004 | D:2      | Found Wiluj's Distillery.
  1010 | D:2      | Bought a potion of heal wounds for 50 gold pieces
  1074 | D:2      | Reached XP level 3. HP: 26/26 MP: 4/4
  1215 | D:2      | Got Nurru's Thoughts on Misfortune
  1251 | D:2      | Reached ** piety under Fedhas
  1396 | D:2      | Reached XP level 4. HP: 33/33 MP: 5/5
  2044 | D:3      | Found a shimmering blue altar of Sif Muna.
  2181 | D:3      | Reached skill level 5 in Unarmed Combat
  2204 | D:3      | Found a runed translucent gate.
  2204 | D:3      | Found a runed translucent gate.
  2205 | D:3      | Found a runed translucent gate.
  2207 | D:3      | Noticed hofbold's ghost (amateur CoFi)
  2443 | D:4      | Noticed an ogre
  2447 | D:4      | Noticed a bullfrog
  2459 | D:3      | Reached XP level 5. HP: 30/38 MP: 6/6
  2577 | D:4      | Reached *** piety under Fedhas
  2865 | D:4      | Reached XP level 6. HP: 45/45 MP: 7/7
  3067 | D:5      | Entered Level 5 of the Dungeon
  3126 | D:5      | Found a staircase to the Ecumenical Temple.
  3211 | D:5      | Found a runed translucent door.
  3211 | D:5      | Noticed a human
  3225 | D:5      | Found a shimmering altar of Xom.
  3264 | D:5      | Reached skill level 1 in Fighting
  3264 | D:5      | Reached skill level 1 in Armour
  3299 | D:5      | Found a basalt altar of Yredelemnul.
  3315 | D:5      | Reached XP level 7. HP: 38/55 MP: 8/8
  3494 | D:5      | Found a transporter.
  3867 | D:5      | Found a transporter.
  4213 | D:4      | Found a hide-covered altar of Uskayaw.
  4221 | D:4      | Found a burning altar of Makhleb.
  4225 | D:4      | Found a bloodstained altar of Trog.
  4336 | D:4      | Reached XP level 8. HP: 62/66 MP: 9/9
  4582 | D:4      | Found an ancient bone altar of Kikubaaqudgha.
  4669 | D:4      | Found a sacrificial altar of Ru.
  4705 | D:4      | Reached **** piety under Fedhas
  4890 | D:4      | Found a sparkling altar of Nemelex Xobeh.
  4897 | D:4      | Found an opulent altar of Gozag.
  4897 | D:4      | Found a glowing silver altar of Zin.
  4904 | D:4      | Found a broken altar of Ashenzari.
  4992 | D:5      | Reached skill level 10 in Unarmed Combat
  5446 | D:6      | Identified the +10 long sword of Vahotani {flame, Stlth+}
  5487 | D:6      | Reached skill level 1 in Long Blades
  5675 | D:6      | Reached ***** piety under Fedhas
  5906 | D:6      | Reached skill level 5 in Long Blades
  6062 | D:7      | Identified the maw talisman "Nabisch" {rC- Will+++}
  6112 | D:7      | Reached XP level 9. HP: 73/73 MP: 10/10
  6229 | D:7      | Found a flagged portal.
  6244 | Bailey   | Entered a bailey
  6480 | Bailey   | Noticed Prince Ribbit
  6489 | Bailey   | Killed Prince Ribbit
  6490 | Bailey   | Reached skill level 10 in Long Blades
  6506 | Bailey   | Noticed a vault guard
  6648 | D:7      | Mangled by an orc warrior

Illustrated notes

Levels and vault maps discovered:
D:1:      dpeg_arrival_three_smaller_balls, layout_loops_corners,
          hellmonk_ecumenical_altar_crossroads, hangedman_decor_opposing
D:2:      layout_basic, serial_shops, shop, hangedman_decor_lopped
D:3:      layout_loops_ring, nicolae_sif_muna_little_library,
          gammafunk_ghost_necromancy, lightli_corner_chamber
D:4:      minmay_chambers_of_threes, layout_cave_pools,
          nicolae_overflow_hallway_of_the_gods, nicolae_ru_the_path_less_chosen,
          grunt_temple_overflow_open
D:5:      gammafunk_wand_slinger, layout_basic, mainiacjoe_overflow_chevrons,
          dk_yredelemnul_ordeal, temple_statues,
          hangedman_abyss_or_decor_lesser_grid
D:6:      layout_rooms
D:7:      minmay_general_purpose_star, layout_loops_corners, enter_bailey_2,
          grunt_decor_mini_mirrors, minmay_misc_feat_x,
          hangedman_abyss_or_decor_stagger

Skill      XL: |  1  2  3  4  5  6  7  8  9 |
---------------+----------------------------+-----
Unarmed Combat | 1 3 4 5 6 7 9 10 | 10.0
Fighting       | 2 4 |  4.9
Armour         | 2 3 |  3.4
Long Blades    | 6 10 | 10.4
Dodging        | |  2.1
Stealth        | |  1.5
Spellcasting   | |  1.3
Summonings     | |  2.9

Action                     |  1- 3 |  4- 6 |  7- 9 || total
---------------------------+-------+-------+-------++-------
  Melee: Unarmed           |   108 |   177 |   119 ||   404
         Headbutt          |    17 |    22 |    39 ||    78
         Punch             |     3 |     3 |     7 ||    13
         Long sword        |       |       |   103 ||   103
    Use: Scroll            |       |     6 |       ||     6
         Potion            |       |     1 |       ||     1
   Stab: Sleeping          |     4 |       |     1 ||     5
 Armour: Robe              |    47 |       |       ||    47
         Ring mail         |       |    93 |   111 ||   204
  Dodge: Dodged            |    72 |    63 |    75 ||   210
  Block: Other             |    14 |    37 |    33 ||    84
         Reflection        |       |     1 |     1 ||     2

Table legend: (Time is in decaauts)
 A = Elapsed time spent in this place.
 B = Non-inter-level travel time spent in this place.
 C = Inter-level travel time spent in this place.
 D = Time resting spent in this place.
 E = Time spent auto-exploring this place.
 F = Levels seen in this place.
 G = Mean time per level.
                   A        B        C        D        E       F      G
               +--------+--------+--------+--------+--------+-----+--------+
         Total |   6621 |   6303 |    318 |   1595 |   3120 |   8 |  827.6 |
       Dungeon |   6256 |   5938 |    318 |   1379 |   3108 |   7 |  893.7 |
        Bailey |    365 |    365 |      0 |    216 |     12 |   1 |  365.0 |
               +--------+--------+--------+--------+--------+-----+--------+

Top non-repeatable levels by time:
     D:5: 1291 daAuts
     D:3: 1159 daAuts
     D:1: 1000 daAuts
     D:4: 963 daAuts
     D:6: 899 daAuts
     D:2: 705 daAuts
  Bailey: 365 daAuts
     D:7: 237 daAuts
